AoeStats
← lokigr13

Black Forest

509477797Analyzed
4v4 RM · 6d ago on Sep 26, 2026· 53m 54s· 8 players
Game mode
Random Map
Map size
Large (8 player)
Population
200
Speed
Normal
Resources
Standard
Victory
Conquest
Starting age
Dark Age
Ending age
Imperial Age
RankedLock teamsTeams togetherTeam positionsShared explorationLock speedFull tech treeHidden civsTurbo modeCheats
Victory
Defeat
🇸🇪 Spanish · Sweden
850
+15
🇫🇷 Persians · France
841
+15
🇬🇷 Armenians · Greece
781
+18
🇬🇷 Britons · Greece
775
+18
🇧🇷 Georgians · Brazil
874
-18
🇦🇷 Persians · Argentina
860
-18
🇨🇳 Vietnamese · China
819
-16
🇦🇷 Cumans · Argentina
750
-14
ricksanchez
0:41 Loom
15:01 Feudal Age
15:08 Man-at-Arms
15:34 Arson
17:55 Wheelbarrow
23:54 Castle Age
22:13 Stone Mining
22:11 Double-Bit Axe
22:40 Fletching
33:41 Bodkin Arrow
39:54 Bow Saw
42:21 Imperial Age
40:54 Bloodlines
42:18 Gold Mining
43:27 Husbandry
45:26 Conscription
45:03 Horse Collar
46:33 Hand Cart
46:54 Heavy Plow
49:12 Stone Shaft Mining
48:06 Cavalier
49:47 Town Watch
51:20 Forging
51:15 Scale Barding Armor
51:11 Bracer
52:23 Paladin
53:44 Iron Casting
53:38 Chain Barding Armor
54:01 Caravan
Sylvain MIrouff
8:42 Feudal Age
9:20 Double-Bit Axe
11:22 Horse Collar
12:57 Stone Mining
14:48 Wheelbarrow
15:08 Gold Mining
20:44 Castle Age
25:25 Bow Saw
25:30 Heavy Plow
26:08 Stone Shaft Mining
26:16 Gold Shaft Mining
26:02 Hand Cart
25:48 Loom
25:48 Town Watch
26:39 Fletching
27:56 Town Patrol
30:07 Masonry
33:24 Murder Holes
33:40 Kamandaran
37:24 Imperial Age
38:01 Guilds
37:56 Caravan
38:16 Citadels
39:40 Crop Rotation
40:14 Two-Man Saw
38:46 Elite War Elephant
43:28 Scale Barding Armor
43:23 Scale Mail Armor
43:23 Padded Archer Armor
43:19 Bodkin Arrow
43:34 Forging
44:16 Architecture
45:38 Chain Barding Armor
vainamoinen_
12:05 Feudal Age
16:34 Castle Age
15:28 Double-Bit Axe
28:46 Bow Saw
29:00 Fishing Lines
30:43 Gold Mining
30:59 Gillnets
31:38 Padded Archer Armor
31:29 Fletching
33:47 Ballistics
33:45 Leather Archer Armor
35:30 Caravan
35:28 Bodkin Arrow
37:45 Squires
37:08 Pikeman
37:52 Scale Mail Armor
38:02 Forging
41:56 Imperial Age
39:22 Stone Mining
40:00 Halberdier
42:10 Chain Mail Armor
42:30 Iron Casting
42:21 Elite Composite Bowman
43:44 Ring Archer Armor
44:28 Bracer
44:59 Plate Mail Armor
45:30 Blast Furnace
45:34 Chemistry
45:23 Conscription
48:23 Crossbowman
49:37 Fereters
lokigr13
11:17 Feudal Age
9:35 Loom
16:01 Castle Age
16:14 Double-Bit Axe
28:03 Wheelbarrow
27:14 Fishing Lines
27:36 Padded Archer Armor
27:27 Fletching
31:34 Bow Saw
35:59 Imperial Age
33:45 Hand Cart
33:53 Leather Archer Armor
33:33 Bodkin Arrow
34:03 Yeomen
33:51 Caravan
34:19 Ballistics
33:55 Gillnets
34:42 Gold Mining
36:41 Warwolf
36:02 Elite Longbowman
37:55 Chemistry
41:48 Conscription
42:04 Ring Archer Armor
41:34 Bracer
44:41 Two-Man Saw
RHMM16
0:26 Loom
12:20 Feudal Age
16:18 Castle Age
14:53 Horse Collar
15:12 Stone Mining
19:23 Double-Bit Axe
24:38 Wheelbarrow
25:59 Bloodlines
28:15 Heavy Plow
33:20 Imperial Age
31:38 Gold Mining
31:58 Husbandry
32:11 Scale Barding Armor
35:50 Conscription
36:02 Elite Monaspa
41:57 Chain Barding Armor
41:50 Forging
45:15 Hand Cart
45:39 Plate Barding Armor
45:42 Iron Casting
sisseess
12:40 Feudal Age
19:26 Castle Age
17:54 Horse Collar
18:22 Double-Bit Axe
20:25 Wheelbarrow
21:12 Town Watch
21:53 Hand Cart
23:11 Heavy Plow
25:42 Bow Saw
29:48 Gold Mining
29:51 Stone Mining
32:15 Loom
36:02 Imperial Age
33:37 Town Patrol
34:37 Stone Shaft Mining
34:30 Ballistics
33:36 Elite Skirmisher
34:23 Thumb Ring
34:12 Fletching
34:23 Padded Archer Armor
34:32 Caravan
34:37 Pikeman
35:18 Squires
35:18 Bodkin Arrow
35:33 Forging
35:37 Treadmill Crane
36:08 Fortified Wall
36:15 Masonry
37:02 Bracer
37:17 Leather Archer Armor
37:03 Scale Mail Armor
38:04 Crop Rotation
39:08 Chemistry
39:07 Paper Money
38:45 Imperial Skirmisher
39:54 Husbandry
40:05 Bloodlines
40:53 Ring Archer Armor
40:31 Scale Barding Armor
40:35 Chatras
42:01 Two-Man Saw
42:17 Elite Battle Elephant
43:37 Coinage
47:49 Chain Barding Armor
47:29 Scale Mail Armor
48:04 Iron Casting
48:58 Banking
49:32 Halberdier
VivaPeron
0:42 Loom
8:22 Feudal Age
9:38 Wheelbarrow
9:13 Double-Bit Axe
12:30 Fletching
16:55 Forging
20:42 Man-at-Arms
28:04 Padded Archer Armor
45:52 Bloodlines
46:04 Horse Collar
52:51 Castle Age
Ebrio
4:34 Loom
12:02 Feudal Age
13:29 Double-Bit Axe
13:28 Horse Collar
17:09 Castle Age
18:33 Wheelbarrow
18:02 Heavy Plow
18:16 Bow Saw
31:00 Imperial Age
29:20 Town Watch
29:53 Hand Cart
29:54 Gold Mining
30:56 Scale Barding Armor
31:02 Forging
32:08 Chain Barding Armor
32:52 Two-Man Saw
32:28 Crop Rotation
32:36 Gold Shaft Mining
31:55 Stone Mining
33:47 Iron Casting
33:17 Kamandaran
34:27 Masonry
34:54 Plate Barding Armor
34:20 Cavalier
35:12 Bloodlines
35:04 Husbandry
37:04 Stone Shaft Mining
37:03 Architecture
35:59 Savar
39:06 Chemistry
38:10 Onager
39:42 Conscription
41:23 Blast Furnace
40:13 Fletching
40:26 Caravan
Connection lost

Rejoining the realm…

Still unreachable

The connection could not be restored.

Session expired

The server has moved on; the page needs a fresh start.